 Dungeon Crawl Stone Soup version 0.32-a0-996-gb3226c2 (webtiles) character file.

Game seed: 12506811811109984014

102352 yapang the Stormcaller (level 15, -3/115 HPs)
             Began as a Black Draconian Conjurer on Apr 23, 2024.
             Was a High Priest of Vehumet.
             Killed from afar by a thermic dynamo (23 damage)
             ... with a rebounding bolt of cold
             ... on level 1 of the Elven Halls.
             The game lasted 00:56:29 (22841 turns).

yapang the Stormcaller (Black Draconian Conjurer)  Turns: 22841, Time: 00:56:29

Health: -3/115     AC: 22    Str:  9    XL:     15   Next: 86%
Magic:  9/29       EV: 13    Int: 26    God:    Vehumet [*****.]
Gold:   1492       SH:  6    Dex: 10    Spells: 3/34 levels left

rFire   . . .        M - staff of air
rCold   . . .        G - +2 buckler
rNeg    . . .        (body armour unavailable)
rPois   .            (helmet restricted)
rElec   +            p - +2 cloak
rCorr   .            m - +2 pair of gloves
SInv    .            q - +2 pair of boots
Will    +++..        C - amulet of magic regeneration
Stlth   ++           I - ring of willpower
HPRegen 0.39/turn    J - ring of Inudeni {rElec Will+ AC+4}
MPRegen 0.61/turn

%: no passive effects
@: marked, flying
A: galvanic breath, AC +9, unfitting armour, big wings, electricity resistance,
cold-blooded
a: Galvanic Breath, Renounce Religion


You were on level 1 of the Elven Halls.
You worshipped Vehumet.
Vehumet was extremely pleased with you.
You visited 5 branches of the dungeon, and saw 24 of its levels.

You collected 2285 gold pieces.
You spent 793 gold pieces at shops.

Inventory:

Missiles
 B - a throwing net
Armour
 m - a +2 pair of gloves (worn)
 p - a +2 cloak (worn)
 q - a +2 pair of boots (worn)
 G - a +2 buckler (worn)
Magical Staves
 M - a staff of air (weapon)
Jewellery
 n - a ring of wizardry
 C - an amulet of magic regeneration (around neck)
 H - a ring of ice
 I - a ring of willpower (left hand)
 J - the ring of Inudeni (right hand) {rElec Will+ AC+4}
   (You found it on level 8 of the Dungeon)

   [ring of protection]

   AC+4:      It affects your AC (+4).
   rElec:     It insulates you from electricity.
   Will+:     It increases your willpower.
 P - a ring of positive energy
 T - an amulet of the acrobat
 W - a ring of protection from fire
 X - a ring of ice
 Y - a ring of poison resistance
Wands
 t - a wand of iceblast (30)
 L - a wand of mindburst (17)
 U - a wand of flame (27)
 V - a wand of quicksilver (8)
Scrolls
 d - a scroll of butterflies {unknown}
 e - 3 scrolls of poison {unknown}
 f - a scroll of enchant armour
 i - 4 scrolls of vulnerability
 j - 2 scrolls of amnesia {unknown}
 k - 2 scrolls of fear {unknown}
 l - a scroll of acquirement {unknown}
 u - 6 scrolls of teleportation
 v - 2 scrolls of brand weapon {unknown}
 y - 3 scrolls of noise {unknown}
 K - 2 scrolls of revelation
 N - a scroll of fog
 O - 2 scrolls of blinking {unknown}
Potions
 a - 5 potions of magic
 b - a potion of berserk rage {unknown}
 c - 13 potions of curing
 g - 2 potions of heal wounds
 h - 4 potions of haste
 r - 3 potions of mutation
 s - 3 potions of enlightenment
 w - 2 potions of brilliance
 z - 3 potions of resistance
 E - 5 potions of might
 F - a potion of cancellation
 R - 3 potions of lignification
 S - a potion of invisibility
 Z - 2 potions of attraction


   Skills:
 - Level 6.0 Fighting
 + Level 5.5 Staves
 - Level 10.0 Dodging
 - Level 3.0 Stealth
 - Level 4.0 Shields
 - Level 10.0 Spellcasting
 - Level 10.0 Conjurations
 - Level 6.0 Summonings
 - Level 4.0 Translocations
 + Level 5.4 Fire Magic
 - Level 18.7 Air Magic
 - Level 10.0 Alchemy
 + Level 5.5 Evocations


You had 3 spell levels left.
You knew the following spells:

 Your Spells              Type           Power      Damage    Failure   Level
a - Magic Dart            Conj           100%       1d8       1%          1
b - Searing Ray           Conj           100%       2d8       1%          2
c - Fulminant Prism       Conj/Alch      30%        3d15      1%          4
d - Iskenderun's Mystic   Conj/Tloc      49%        2d11      (+2d51%     4
e - Summon Lightning Spi  Summ/Air       86%        N/A       1%          4
f - Arcjolt               Conj/Air       46%        1d56      1%          5
g - Plasma Beam           Fire/Air       42%        2x1d56    1%          6
h - Yara's Violent Unrav  Hex/Alch       19%        3d9       7%          5

Your spell library contained the following spells:

 Spells                   Type           Power      Damage    Failure   Level
 Fireball                 Conj/Fire      26%        3d12      2%          5
 Freeze                   Ice            52%        1d6       1%          1
 Blink                    Tloc           66%        N/A       1%          2
 Call Imp                 Summ           88%        N/A       1%          2
 Call Canine Familiar     Summ           44%        N/A       1%          3
 Hailstorm                Conj/Ice       39%        3d9       1%          3
 Stone Arrow              Conj/Erth      78%        3d11      1%          3
 Volatile Blastmotes      Fire/Tloc      74%        2d16      1%          3
 Frozen Ramparts          Ice            26%        1d4       5%          3
 Summon Ice Beast         Ice/Summ       28%        N/A       6%          3
 Necrotise                Necr           52%        1d6       7%          1
 Slow                     Hex            52%        N/A       7%          1
 Fugue of the Fallen      Necr           13%        N/A       21%         3
 Ozocubu's Armour         Ice            13%        N/A       21%         3
 Sigil of Binding         Hex            13%        N/A       21%         3
 Tukima's Dance           Hex            13%        N/A       21%         3
 Vampiric Draining        Necr           13%        2d6       21%         3
 Olgreb's Toxic Radiance  Alch           60%        N/A       1%          4
 Irradiate                Conj/Alch      30%        3d21      1%          5
 Maxwell's Capacitive Co  Air            52%        ∞         5%          8
 Petrify                  Alch/Erth      39%        N/A       9%          4
 Passage of Golubria      Tloc           33%        N/A       13%         4
 Martyr's Knell           Necr/Summ      28%        N/A       19%         4
 Dimensional Bullseye     Hex/Tloc       11%        N/A       28%         4
 Sculpt Simulacrum        Ice/Alch       19%        N/A       78%         6
 Fulsome Fusillade        Conj/Alch      30%        (3-5)d10  83%         8
 Curse of Agony           Necr           13%        N/A       88%         5
 Permafrost Eruption      Ice/Erth       6%         2x4d3     91%         6
 Manifold Assault         Tloc           16%        N/A       100%        7
 Seismic Cannonade        Alch/Erth      19%        6d8       100%        7
 Lehudib's Crystal Spear  Conj/Erth      19%        10d6      100%        8
 Animate Armour           Summ/Erth      Unusable   N/A       N/A         4

Dungeon Overview and Level Annotations

Branches:
Dungeon (15/15)            Temple (1/1) D:5            Lair (5/5) D:11
 Shoals (0/4) Lair:3        Snake (0/4) Lair:3        Slime (0/5) Lair:5
    Orc (2/2) D:12            Elf (1/3) Orc:2        Vaults (0/5) D:13
 Depths: D:15

Altars:
Ashenzari
Cheibriados
Dithmenos
Elyvilon
Fedhas
Gozag
Hepliaklqana
Kikubaaqudgha
Makhleb
Nemelex Xobeh
Okawaru
Qazlal
Ru
Sif Muna
Trog
Uskayaw
Vehumet
Wu Jian
Xom
Yredelemnul
Zin
The Shining One
Jiyva

Shops:
D:5 ?   D:6 (   D:9 (   D:12 *   Orc:2 (=(*:   Elf:1 ??:

Portals:
Trove: D:13 (give 5 scrolls of fear)

Annotations:
Lair:4 exclusion: oklob plant
Lair:5 exclusion: obsidian statue


Innate Abilities, Weirdness & Mutations

You can breathe arcing electricity.
Your glossy black scales are hard. (AC +9)
You cannot fit into any form of body armour.
Your large and strong wings let you fly.
You are resistant to electric shocks. (rElec)
You are cold-blooded and may be slowed by cold attacks.


Message History

The +0 short sword of freezing is almost destroyed.
The blast of energy engulfs the thermic dynamo!!
The thermic dynamo is heavily damaged.
The blast of energy engulfs the deep elf knight!!
You kill the deep elf knight!
Vehumet accepts your kill.
You feel your power returning.
The blast of energy engulfs the thermic dynamo!!
You destroy the thermic dynamo!
Vehumet accepts your kill.
You feel your power returning.
Casting: Fulminant Prism (safe; 1% risk of failure)
Confirm with . or Enter, or press ? or * to list all spells.
Aiming: Fulminant Prism (safe; 1% risk of failure)
Press: ? - help, Dir - move target You conjure a prism of explosive energy!
A fulminant prism comes into view.
The +0 short sword of freezing attacks as it pursues you!
The +0 short sword of freezing hits you but does no damage.
The thermic dynamo overcharges itself and releases excess heat at you.
The rebounding bolt of fire hits your fulminant prism!
Your fulminant prism resists.
The rebounding bolt of fire hits the +1 short sword of freezing.
The +1 short sword of freezing resists.
The +1 short sword of freezing falls from the air.
The rebounding bolt of fire misses the +0 short sword of freezing.
The rebounding bolt of fire hits you!!
* * * LOW HITPOINT WARNING * * *
Your fulminant prism crackles loudly.
Casting: Fulminant Prism (safe; 1% risk of failure)
Confirm with . or Enter, or press ? or * to list all spells.
You erupt in a blast of force!
The mystic blast hits the +0 short sword of freezing.
The +0 short sword of freezing falls from the air.
Vehumet accepts your kill.
A wild whirl of ice shoots out from the thermic dynamo at you.
The rebounding bolt of cold hits your fulminant prism!
Your fulminant prism resists.
The rebounding bolt of cold hits you!!
You die...

.....#...#........#.#
#######.#########...#
#...#.^.# ###.#
###.##...######.#
##+#####.#.#....'))))..#
#......#.#.#....######.#
#...............# #.#
#..............## #.#
##'#####)).))@....## #.#
#.......v...#....## #∩#
+.#......v..##..## #.#
#...........###+# #.#
##'#####....# #.# #...#
###### ########.# '
#....# .........#
$.....# ######..#
#)#...## #.##


You could see 2 thermic dynamos.

Vanquished Creatures
  Nessos (D:13)
  A dire elephant (Lair:5)
  A sphinx zombie (D:15)
  An ice dragon (Lair:5)
  4 ogre magi (Orc:2)
  A catoblepas (D:13)
  5 centaur warriors
  2 boulder beetles
  11 two-headed ogres
  3 hydras
  5 dancing weapons (Elf:1)
  A spectral dire elephant (Lair:5)
  9 death yaks
  5 deep elf knights (Elf:1)
  A spectral death yak (Lair:5)
  3 deep elf archers (Elf:1)
  A spectral anaconda (Lair:5)
  2 skeletal warriors (D:15)
  A flayed ghost (D:15)
  3 thermic dynamos (Elf:1)
  3 necromancers (Lair:5)
  Pikel (D:7)
  3 deep elf zephyrmancers (Elf:1)
  6 deep elf pyromancers
  A cyclops (D:14)
  A manticore (D:14)
  11 elephants
  3 black mambas
  A gargoyle (D:12)
  2 rime drakes
  A torpor snail (Lair:1)
  10 cane toads (Lair:5)
  A dire elephant skeleton (Lair:5)
  3 kobold demonologists
  Maggie (D:9)
  5 unseen horrors
  3 komodo dragons
  3 tengu conjurers
  4 trolls
  3 polar bears
  7 blink frogs
  7 dream sheep (Lair:4)
  9 slime creatures
  3 shadows
  A vampire (D:14)
  5 wyverns
  A basilisk (Lair:2)
  A wraith (D:13)
  14 yaks
  A ynoxinul (D:15)
  A dire elephant simulacrum (Lair:5)
  A warg (Orc:1)
  3 fire elementals (Elf:1)
  11 humans (D:13)
  6 vampire mosquitoes (D:14)
  A spectral cane toad (Lair:5)
  Menkaure (D:6)
  3 nagas (Lair:3)
  3 acid dragons
  15 water moccasins
  2 ice beasts
  2 black bears
  14 orc warriors
  A sky beast (D:8)
  An elephant zombie (Lair:5)
  2 laughing skulls (D:14)
  21 ogres
  12 wolves
  An elephant skeleton (Lair:5)
  7 centaurs
  A lemure (D:7)
  4 kobold brigands
  7 bullfrogs
  A gnoll sergeant (D:13)
  3 cane toad simulacra (Lair:5)
  2 scorpions
  An earth elemental (Elf:1)
  9 wights (D:9)
  6 elephant simulacra (Lair:5)
  24 killer bees
  3 howler monkeys
  An electric eel (D:10)
  A bombardier beetle (D:4)
  3 hounds
  2 jellies (D:6)
  6 orc priests
  A gnoll bouda (D:6)
  6 iguanas
  23 orc wizards
  11 gnolls
  3 adders
  A shadow imp (D:6)
  5 white imps
  2 ribbon worms
  2 dart slugs
  49 orcs
  10 endoplasms
  2 giant cockroaches
  8 goblins
  9 hobgoblins
  7 jackals (D:1)
  4 quokkas
  6 ball pythons
  6 bats
  3 frilled lizards (D:1)
  23 kobolds
  6 rats
  A butterfly (D:3)
546 creatures vanquished.

Vanquished Creatures (collateral kills)
  A dire elephant (Lair:5)
  A quicksilver dragon zombie (D:15)
  Erica (Lair:2)
  2 boulder beetles
  2 death yaks (Lair:1)
  8 two-headed ogres
  Urug (D:13)
  A necromancer (D:15)
  A cyclops (D:12)
  9 elephants
  A dire elephant zombie (Lair:5)
  2 black mambas
  8 cane toads
  3 komodo dragons
  A freezing wraith (D:15)
  A rime drake (Lair:3)
  An efreet (D:15)
  A troll (D:12)
  2 polar bears
  A spriggan zombie (D:15)
  5 blink frogs
  2 spriggans (Lair:4)
  A wraith (D:10)
  A shadow (D:12)
  6 yaks
  5 humans (D:13)
  2 vampire mosquitoes (D:14)
  2 water moccasins
  2 orc warriors
  5 ogres
  2 centaurs (D:13)
  3 wolves
  An elephant skeleton (Lair:5)
  A cane toad simulacrum (Lair:5)
  A killer bee (D:11)
  2 orc priests (D:12)
  6 orc wizards
  16 orcs
111 creatures vanquished.

Vanquished Creatures (others)
  2 dancing weapons (Elf:1)
  An orc priest (Orc:2)
  59 fulminant prisms
62 creatures vanquished.

Grand Total: 719 creatures vanquished

Notes
Turn   | Place    | Note
-------+----------+-------------------------------------------
     0 | D:1      | yapang the Draconian Conjurer began the quest for the Orb.
     0 | D:1      | Reached XP level 1. HP: 14/14 MP: 3/3
   141 | D:1      | Reached XP level 2. HP: 12/20 MP: 0/5
   421 | D:1      | Learned a level 2 spell: Searing Ray
   478 | D:1      | You fall into a shaft and drop 1 floor!
   505 | D:2      | Reached XP level 3. HP: 26/26 MP: 2/7
  1499 | D:2      | Reached skill level 5 in Conjurations
  1499 | D:2      | Reached XP level 4. HP: 20/33 MP: 3/8
  2569 | D:3      | Found a hazy altar of Hepliaklqana.
  2856 | D:3      | Found a shimmering altar of Xom.
  3199 | D:4      | Reached XP level 5. HP: 33/38 MP: 1/9
  3204 | D:4      | Learned a level 4 spell: Fulminant Prism
  3304 | D:4      | Reached skill level 1 in Alchemy
  3463 | D:4      | Reached XP level 6. HP: 45/45 MP: 2/10
  3598 | D:4      | Found a hide-covered altar of Uskayaw.
  4101 | D:5      | Entered Level 5 of the Dungeon
  4102 | D:5      | Found a staircase to the Ecumenical Temple.
  4111 | Temple   | Entered the Ecumenical Temple
  4127 | Temple   | Became a worshipper of Vehumet
  4369 | D:5      | Found Pacvon's Magic Scroll Shoppe.
  4377 | D:5      | Bought a scroll of teleportation for 45 gold pieces
  4685 | D:5      | Noticed an ice beast
  4696 | D:5      | Killed an ice beast
  5118 | D:6      | Your scales start taking on a glossy black colour.
  5118 | D:6      | Reached XP level 7. HP: 50/50 MP: 7/13
  5118 | D:6      | Gained mutation: You are resistant to electric shocks.
                  | (rElec) [Black Draconian growth]
  5589 | D:6      | Found Fohousut's Weapon Emporium.
  5716 | D:6      | Noticed Menkaure
  5720 | D:6      | Killed Menkaure
  5721 | D:6      | Reached skill level 5 in Spellcasting
  5721 | D:6      | Reached XP level 8. HP: 57/57 MP: 8/15
  5826 | D:6      | Found a stormy altar of Qazlal.
  5836 | D:6      | Found a glowing golden altar of the Shining One.
  5877 | D:6      | Found a blossoming altar of Fedhas.
  6063 | D:6      | Learned a level 4 spell: Iskenderun's Mystic Blast
  6221 | D:7      | Reached skill level 1 in Translocations
  6224 | D:7      | Reached * piety under Vehumet
  6224 | D:7      | Offered knowledge of Kiss of Death by Vehumet.
  6566 | D:7      | Noticed Pikel
  6578 | D:7      | Killed Pikel
  6579 | D:7      | Reached XP level 9. HP: 39/67 MP: 6/18
  7489 | D:8      | Found a basalt altar of Yredelemnul.
  7522 | D:8      | Reached skill level 5 in Dodging
  7635 | D:8      | Noticed a tengu conjurer
  7637 | D:8      | Killed a tengu conjurer
  7637 | D:8      | Noticed a tengu conjurer
  7644 | D:8      | Killed a tengu conjurer
  7680 | D:8      | Reached skill level 1 in Shields
  7760 | D:8      | Identified the ring of Inudeni {rElec Will+ AC+4}
  8174 | D:8      | Found an opulent altar of Gozag.
  8201 | D:9      | Reached skill level 5 in Alchemy
  8259 | D:9      | Reached XP level 10. HP: 60/77 MP: 11/19
  8265 | D:9      | Reached ** piety under Vehumet
  8268 | D:9      | Offered knowledge of Sting by Vehumet.
  8328 | D:9      | Identified the blade talisman of the Beekeeper {Int-2 SInv
                  | Stlth+}
  8349 | D:9      | Noticed Maggie
  8358 | D:9      | Killed Maggie
  8415 | D:9      | Noticed a two-headed ogre
  8419 | D:9      | Killed a two-headed ogre
  8595 | D:9      | Learned a level 4 spell: Summon Lightning Spire
  8601 | D:9      | Learned a level 5 spell: Arcjolt
  8626 | D:9      | Reached skill level 1 in Air Magic
  8756 | D:9      | Found a burning altar of Makhleb.
  8788 | D:9      | Found Juuresan's Weapon Shoppe.
  8954 | D:9      | Found an ancient bone altar of Kikubaaqudgha.
  8980 | D:9      | Found a snail-covered altar of Cheibriados.
  9157 | D:9      | Found an iron altar of Okawaru.
  9200 | D:10     | Entered Level 10 of the Dungeon
  9210 | D:10     | Offered knowledge of Static Discharge by Vehumet.
  9223 | D:10     | Reached skill level 2 in Air Magic
  9229 | D:10     | Reached skill level 1 in Summonings
  9321 | D:10     | Noticed a rust devil
  9326 | D:10     | Reached skill level 10 in Conjurations
  9326 | D:10     | Reached skill level 3 in Air Magic
  9351 | D:10     | Reached skill level 4 in Air Magic
  9457 | D:10     | Found a white marble altar of Elyvilon.
  9572 | D:10     | Found a shadowy altar of Dithmenos.
  9649 | D:10     | Found a shimmering blue altar of Sif Muna.
  9675 | D:10     | Found a glowing silver altar of Zin.
  9853 | D:11     | Reached *** piety under Vehumet
 10021 | D:11     | Reached skill level 5 in Air Magic
 10190 | D:11     | Reached XP level 11. HP: 72/82 MP: 13/20
 10372 | D:11     | Found a staircase to the Lair.
 10545 | D:11     | Noticed a boulder beetle
 10559 | D:11     | Killed a boulder beetle
 10560 | D:11     | Reached skill level 6 in Air Magic
 10978 | D:12     | Offered knowledge of Inner Flame by Vehumet.
 10982 | D:12     | Reached skill level 5 in Summonings
 11044 | D:12     | Found a staircase to the Orcish Mines.
 11046 | D:12     | Reached **** piety under Vehumet
 11139 | D:12     | Found Keneonea's Changing Room.
 11151 | D:12     | Bought a book of Transmutation for 560 gold pieces
 11151 | D:12     | Bought a potion of lignification for 42 gold pieces
 11151 | D:12     | Bought a potion of mutation for 112 gold pieces
 11173 | D:12     | Reached skill level 7 in Air Magic
 11222 | D:12     | Noticed a two-headed ogre
 11236 | D:12     | Killed a two-headed ogre
 11387 | D:12     | Noticed a boulder beetle
 11402 | D:12     | Killed a boulder beetle
 11403 | D:12     | Reached skill level 8 in Air Magic
 11527 | D:12     | Offered knowledge of Dazzling Flash by Vehumet.
 11530 | D:12     | Reached skill level 9 in Air Magic
 11596 | D:12     | Noticed a two-headed ogre
 11610 | D:12     | Killed a two-headed ogre
 11650 | D:12     | Reached skill level 10 in Air Magic
 12289 | Lair:1   | Entered Level 1 of the Lair of Beasts
 12289 | Lair:1   | Noticed a death yak
 12289 | Lair:1   | Noticed a death yak
 12295 | Lair:1   | Reached skill level 11 in Air Magic
 12295 | Lair:1   | Killed a death yak
 12295 | Lair:1   | Killed a death yak
 12450 | Lair:1   | Reached skill level 12 in Air Magic
 12501 | Lair:1   | Reached XP level 12. HP: 89/89 MP: 19/21
 12834 | Lair:1   | Reached skill level 13 in Air Magic
 12867 | Lair:1   | Noticed a death yak
 12867 | Lair:1   | Noticed a death yak
 12870 | Lair:1   | Noticed a death yak
 12871 | Lair:1   | Killed a death yak
 12875 | Lair:1   | Killed a death yak
 12875 | Lair:1   | Killed a death yak
 12944 | Lair:1   | Reached skill level 14 in Air Magic
 12981 | Lair:1   | Reached ***** piety under Vehumet
 12981 | Lair:1   | Offered knowledge of Freezing Cloud by Vehumet.
 13441 | Lair:2   | Noticed a death yak
 13442 | Lair:2   | Noticed a death yak
 13442 | Lair:2   | Noticed a death yak
 13442 | Lair:2   | Noticed a death yak
 13443 | Lair:2   | Noticed a death yak
 13444 | Lair:2   | Noticed a death yak
 13447 | Lair:2   | Killed a death yak
 13448 | Lair:2   | Reached skill level 15 in Air Magic
 13448 | Lair:2   | Killed a death yak
 13448 | Lair:2   | Killed a death yak
 13450 | Lair:2   | Killed a death yak
 13450 | Lair:2   | Killed a death yak
 13452 | Lair:2   | Killed a death yak
 13611 | Lair:2   | Noticed Erica
 13611 | Lair:2   | Noticed a five-headed hydra
 13616 | Lair:2   | Killed a five-headed hydra
 13616 | Lair:2   | Killed Erica
 13714 | Lair:2   | Reached XP level 13. HP: 94/94 MP: 22/22
 14178 | Lair:3   | Reached skill level 10 in Alchemy
 14554 | Lair:3   | Found a staircase to the Snake Pit.
 14779 | Lair:3   | Found a staircase to the Shoals.
 15664 | Lair:4   | Reached skill level 10 in Spellcasting
 16388 | Lair:5   | Entered Level 5 of the Lair of Beasts
 16777 | Lair:5   | Found a viscous altar of Jiyva.
 16777 | Lair:5   | Found a staircase to the Slime Pits.
 16928 | Lair:5   | Gained mutation: Your large and strong wings let you fly.
                  | [Black Draconian growth]
 16928 | Lair:5   | Reached XP level 14. HP: 102/102 MP: 22/28
 17596 | Lair:5   | Offered knowledge of Sticky Flame by Vehumet.
 17663 | Lair:5   | Reached skill level 10 in Dodging
 17906 | Lair:5   | Reached skill level 16 in Air Magic
 18298 | D:13     | Found a portal to a secret trove of treasure.
 18548 | D:13     | Noticed Urug
 18554 | D:13     | Killed Urug
 18557 | D:13     | Reached skill level 17 in Air Magic
 18557 | D:13     | Found a gate to the Vaults.
 18558 | D:13     | Noticed Nessos
 18562 | D:13     | Killed Nessos
 19201 | D:14     | Reached skill level 18 in Air Magic
 19352 | D:14     | Found a stormy altar of Qazlal.
 19408 | D:14     | Offered knowledge of Plasma Beam by Vehumet.
 19420 | D:14     | Learned a level 6 spell: Plasma Beam
 19426 | D:14     | Learned a level 5 spell: Yara's Violent Unravelling
 19493 | D:14     | Got the Secrets of the Viper
 19610 | D:14     | Reached skill level 1 in Staves
 19610 | D:14     | Reached skill level 1 in Evocations
 19840 | D:14     | Reached skill level 1 in Fire Magic
 20256 | D:15     | Entered Level 15 of the Dungeon
 20264 | D:15     | Reached XP level 15. HP: 91/110 MP: 14/29
 20520 | Orc:1    | Entered Level 1 of the Orcish Mines
 20883 | Orc:2    | Entered Level 2 of the Orcish Mines
 20886 | Orc:2    | Found Qilaewn's Weapon Shop.
 20993 | Orc:2    | Reached skill level 5 in Fighting
 21022 | Orc:2    | Offered knowledge of Fireball by Vehumet.
 21519 | Orc:2    | Found a staircase to the Elven Halls.
 21538 | Orc:2    | Found Hiozos's Book Boutique.
 21538 | Orc:2    | Found Saprun's Antique Weapon Shoppe.
 21539 | Orc:2    | Found Womubb's Assorted Antiques.
 21539 | Orc:2    | Found Buost's Jewellery Shop.
 21547 | Orc:2    | Bought a scroll labelled LUGIST HAUJU for 34 gold pieces
 21963 | Elf:1    | Entered Level 1 of the Elven Halls
 21970 | Elf:1    | HP: 3/114 [thermic dynamo/rebounding bolt of fire (25)]
 22569 | Elf:1    | Found Agure's Book Shoppe.
 22583 | Elf:1    | Reached skill level 5 in Evocations
 22637 | Elf:1    | Found Ucwewnegol's Magic Scroll Emporium.
 22646 | Elf:1    | Found Repeulai's Magic Scroll Emporium.
 22667 | Elf:1    | Reached skill level 5 in Staves
 22667 | Elf:1    | Reached skill level 5 in Fire Magic
 22841 | Elf:1    | Killed from afar by a thermic dynamo

Illustrated notes

Levels and vault maps discovered:
D:1:      eino_arrival_cavern_a, layout_basic, hangedman_decor_push, st_stairs_1
D:2:      layout_rooms
D:3:      corexii_shack_village, layout_basic, xom_butterflies,
          nicolae_hepliaklqana_hazy_memory
D:4:      layout_basic, mainiacjoe_overflow_tiny_flanked,
          minmay_tree_intersection
D:5:      layout_basic, minmay_temple_entry_water_ring, serial_shops,
          nicolae_shop_trees
D:6:      layout_cave_pools, grunt_temple_overflow_forces_of_nature,
          kennysheep_little_box, serial_shops,
          nicolae_shop_bloodbath_and_beyond, minmay_misc_feat_columns,
          minmay_fountain_box, uniq_menkaure
D:7:      layout_gridville, uniq_pikel
D:8:      layout_loops_ring, mainiacjoe_overflow_catwalk, kennysheep_mini,
          serial_park_tiny_pond, hangedman_abyss_or_decor_stabs,
          minmay_misc_feat_alley
D:9:      layout_big_octagon, mainiacjoe_overflow_alcove_2,
          lightli_temple_of_fire, mainiacjoe_overflow_two_lobes, serial_shops,
          nicolae_shop_window_shopping, grunt_decor_clamped, uniq_maggie
D:10:     layout_rooms, mainiacjoe_overflow_brackets, elyvilon_altar_3,
          nicolae_overflow_squiral
D:11:     layout_loops_corners, lair_entry_dummy, minmay_variable_closet
D:12:     layout_loops_corners, hiddenorc1_lemuel, nicolae_transmutations_shop
D:13:     layout_loops_ring, david_vaults_3, nicolae_trove_entry_columns
D:14:     layout_loops_corners, nicolae_qazlal_eye_of_the_storm
D:15:     gammafunk_depths_entry_grave, layout_loops_corners, serial_demonic,
          serial_demonic_f, serial_demonic_g, serial_demonic_g,
          serial_demonic_e, hangedman_decor_points,
          nicolae_tso_swordbearing_angel
Temple:   nicolae_temple_superstar
Lair:1:   layout_chaotic_city, minmay_stone_trees_medium
Lair:2:   layout_chaotic_city, nzn_sisyphean_effort, uniq_erica
Lair:3:   layout_long_grid, elwin_shoals_entry_rocks,
          nicolae_snake_entry_squirm, dreamdust_mushroom_princess,
          small_statue_intersection
Lair:4:   layout_concentric_octagons, forest_entry_grove, grunt_megastairs_2
Lair:5:   due_jungle_book, layout_regular_city, slime_entry_1,
          bobbens_ice_dragon_lair
Orc:1:    layout_caves, nicolae_orc_stalacmites
Orc:2:    st_orc_ogre_mass, layout_caves, serial_shops,
          nicolae_shop_tiny_statue_garden, nicolae_orc_found_a_spring
Elf:1:    layout_gridlike, serial_shops, shop, regret_index_elf_centigrade,
          grunt_megastairs_1, minmay_shop_star, uniq_asterion

Skill      XL: |  1  2  3  4  5  6  7  8  9 10 11 12 13 14 15 |
---------------+----------------------------------------------+-----
Spellcasting   | 3 4 5 6 10 | 10.0
Conjurations   | 5 6 8 10 | 10.0
Alchemy        | 3 4 6 9 10 | 10.0
Translocations | 4 |  4.0
Fighting       | 2 3 6 |  6.0
Dodging        | 2 6 8 10 | 10.0
Stealth        | 2 3 |  3.0
Shields        | 3 4 |  4.0
Air Magic      | 5 12 15 18 | 18.7
Summonings     | 4 6 |  6.0
Staves         | 1 5 |  5.5
Evocations     | 1 5 |  5.5
Fire Magic     | 1 5 |  5.4

Action                     |  1- 3 |  4- 6 |  7- 9 | 10-12 | 13-15 || total
---------------------------+-------+-------+-------+-------+-------++-------
  Melee: Unarmed           |    77 |       |       |       |       ||    77
         Tailslap          |    11 |     5 |     2 |     8 |    14 ||    40
         Dagger            |       |    18 |    31 |       |       ||    49
         Whip              |       |       |     9 |     7 |       ||    16
         Staff             |       |       |       |    37 |    92 ||   129
   Cast: Magic Dart        |    51 |    66 |    23 |    26 |     6 ||   172
         Searing Ray       |     4 |    25 |    33 |    36 |     1 ||    99
         Fulminant Prism   |       |       |    14 |    32 |    13 ||    59
         Iskenderun's Myst |       |       |     7 |    15 |    18 ||    40
         Summon Lightning  |       |       |       |    27 |    60 ||    87
         Arcjolt           |       |       |       |    45 |   190 ||   235
         Plasma Beam       |       |       |       |       |    42 ||    42
         Yara's Violent Un |       |       |       |       |     4 ||     4
Ability: Galvanic Breath   |       |       |     4 |    10 |     4 ||    18
  Evoke: Wand              |       |       |       |       |     4 ||     4
    Use: Scroll            |       |       |       |       |    21 ||    21
         Potion            |       |       |       |       |     1 ||     1
   Stab: Sleeping          |       |     2 |       |       |       ||     2
         Distracted        |       |       |       |     1 |     1 ||     2
 Armour: Skin              |    93 |    36 |    90 |   152 |   240 ||   611
  Dodge: Dodged            |    72 |    19 |    58 |    92 |   185 ||   426
  Block: Buckler           |       |       |     2 |    40 |    83 ||   125

Table legend: (Time is in decaauts)
 A = Elapsed time spent in this place.
 B = Non-inter-level travel time spent in this place.
 C = Inter-level travel time spent in this place.
 D = Time resting spent in this place.
 E = Time spent auto-exploring this place.
 F = Levels seen in this place.
 G = Mean time per level.
                   A        B        C        D        E       F      G
               +--------+--------+--------+--------+--------+-----+--------+
         Total |  22879 |  21891 |    988 |   1755 |  17080 |  24 |  953.3 |
       Dungeon |  14563 |  13973 |    590 |    689 |  11346 |  15 |  970.9 |
        Temple |     32 |      1 |     31 |      0 |      0 |   1 |   32.0 |
          Lair |   5955 |   5678 |    277 |    416 |   4508 |   5 | 1191.0 |
  Orcish Mines |   1875 |   1787 |     88 |    572 |    961 |   2 |  937.5 |
   Elven Halls |    452 |    452 |      0 |     78 |    264 |   1 |  452.0 |
               +--------+--------+--------+--------+--------+-----+--------+

Top non-repeatable levels by time:
  Lair:5: 1763 daAuts
     D:1: 1455 daAuts
    D:12: 1405 daAuts
   Orc:2: 1402 daAuts
     D:7: 1351 daAuts
  Lair:3: 1219 daAuts
    D:14: 1121 daAuts
    D:11: 1110 daAuts
     D:3: 1081 daAuts
  Lair:1: 1065 daAuts
     D:9: 1034 daAuts
     D:5: 976 daAuts
  Lair:4: 970 daAuts
     D:6: 967 daAuts
    D:13: 938 daAuts
